 Dungeon Crawl Stone Soup version 0.18.1-8-gdd0e5ea (webtiles) character file.

66 eoe the Conjurer (level 4, -9/32 HPs)
             Began as a Human Conjurer on June 1, 2016.
             Mangled by an orc
             ... wielding a +0 short sword of electrocution
              (12 damage)
             ... on level 3 of the Dungeon.
             The game lasted 00:17:16 (2079 turns).

eoe the Conjurer (Human Conjurer)                   Turns: 2079, Time: 00:17:17

Health: -9/32      AC:  2    Str:  8    XL:     4   Next: 37%
Magic:  3/7        EV:  7    Int: 17    God:
Gold:   106        SH:  0    Dex: 13    Spells: 1 memorised, 6 levels left

rFire  . . .     SeeInvis .     j - +1 dagger (drain)
rCold  . . .     Gourm    .     a - +0 robe
rNeg   . . .     Faith    .     (no shield)
rPois  .         Spirit   .     (no helmet)
rElec  .         Dismiss  .     (no cloak)
rCorr  .         Reflect  .     (no gloves)
SustAt .         Harm     .     (no boots)
MR     .....                    (no amulet)
Stlth  ++........               (no ring)
                                (no ring)

@: very slightly contaminated, not resistant to hostile enchantments, unstealthy
A: no striking features
a: no special abilities


You were on level 3 of the Dungeon.
You were hungry.

You visited 1 branch of the dungeon, and saw 3 of its levels.

You collected 106 gold pieces.

Inventory:

Hand Weapons
 e - a +0 short sword
 h - a +2 short sword of protection
 j - a +1 dagger of draining (weapon)
 l - a +0 dagger of draining
Armour
 a - a +0 robe (worn)
Jewellery
 m - a +5 ring of dexterity {unknown}
Scrolls
 f - a scroll of teleportation {unknown}
 g - a scroll of remove curse {unknown}
 i - a scroll of recharging {unknown}
 k - a scroll of magic mapping {unknown}
Potions
 c - a potion of might {unknown}
 d - a potion of berserk rage {unknown}
 n - a potion of flight {unknown}
Books
 b - a book of Conjurations

   Spells                             Type                      Level
   a - Magic Dart                     Conjuration                  1
   b - Searing Ray                    Conjuration                  2
   c - Dazzling Spray                 Conjuration/Hexes            3
   d - Fulminant Prism                Conjuration/Hexes            4
   e - Iskenderun's Mystic Blast      Conjuration                  4
   f - Iskenderun's Battlesphere      Conjuration/Charms           5


   Skills:
 + Level 1.0 Fighting
 - Level 2.0 Dodging
 - Level 2.0 Stealth
 - Level 2.0 Spellcasting
 * Level 5.4 Conjurations


You had 6 spell levels left.
You knew the following spells:

 Your Spells              Type           Power        Failure   Level  Hunger
a - Magic Dart            Conj           ###.         2%          1    #......


Dungeon Overview and Level Annotations

Branches:
Dungeon (3/15)

Altars:
Dithmenos

Annotations:
D:3 ThereIsNoGod's ghost, weakling VSMo


Message History

The hobgoblin shouts!
An orc comes into view.
It is wielding a short sword of protection.
Casting: Magic Dart
Confirm with . or Enter, or press ? or * to list all spells.
Aiming: Magic Dart
Press: ? - help, Shift-Dir - straight line, f/p - orc
Aim: an orc, wielding a short sword of electrocution (moderately wounded)
The magic dart hits the orc.
The orc is severely wounded.
The orc hits you with a short sword of electrocution.
You are electrocuted!
* * * LOW HITPOINT WARNING * * *
The goblin hits you with a dagger.
* * * LOW HITPOINT WARNING * * *
There is a stone staircase leading up here.
The goblin hits you but does no damage.
The orc hits you with a short sword of electrocution.
* * * LOW HITPOINT WARNING * * *
You are electrocuted!
You die...

#.# #.##.## #.#...
#.#..# #.#.)# #
#.#..##.##.
...######.#........
..)....@o..........
...####.g..g##.####
#.....o..†..#
#.#####..##.# #.#
..# ..# ... ##.#
.#W. ..# ..g# ..
#.##


You could see 2 orcs, a hobgoblin and a goblin.

Vanquished Creatures
  An adder (D:2)
  An ooze (D:2)
  4 dart slugs
  2 worms (D:2)
  2 giant geckos
  4 bats
  3 giant cockroaches
  4 goblins
  A hobgoblin (D:1)
  7 kobolds
  2 quokkas (D:2)
  A giant newt (D:1)
  5 rats
37 creatures vanquished.

Notes
Turn   | Place    | Note
--------------------------------------------------------------
     0 | D:1      | eoe the Human Conjurer began the quest for the Orb.
     0 | D:1      | Reached XP level 1. HP: 13/13 MP: 3/3
   303 | D:1      | Reached XP level 2. HP: 19/19 MP: 3/5
   691 | D:1      | Reached XP level 3. HP: 24/24 MP: 0/6
   988 | D:2      | Reached skill level 5 in Conjurations
  1229 | D:2      | Found a shadowy altar of Dithmenos.
  1452 | D:2      | Reached XP level 4. HP: 31/31 MP: 5/7
  1907 | D:2      | Reached skill level 1 in Fighting
  2076 | D:3      | Noticed ThereIsNoGod's ghost (weakling VSMo)
  2079 | D:3      | Mangled by an orc

Skill      XL: |  1  2  3  4 |
---------------+-------------+-----
Conjurations   | 5 |  5.4
Fighting       | 1 |  1.0
Dodging        | |  2.0
Stealth        | |  2.0
Spellcasting   | |  2.0

Action                   |  1- 3 |  4- 6 || total
-------------------------+-------+-------++-------
Melee: Short sword       |     9 |       ||     9
       Dagger            |     1 |    13 ||    14
 Cast: Magic Dart        |    65 |    17 ||    82
 Stab: Sleeping          |     1 |       ||     1
  Eat: Bread ration      |     1 |       ||     1
Armor: Robe              |    12 |     4 ||    16
Dodge: Dodged            |    18 |     4 ||    22
